 Dungeon Crawl Stone Soup version 0.21.1-1-g345015f (webtiles) character file.

55055 RipGuy the Bludgeoner (level 14, -1/90 HPs)
             Began as a Gargoyle Berserker on Apr 29, 2018.
             Was the Champion of Trog.
             Killed by divine providence
             ... invoked by a smoke demon
              (14 damage)
             ... on level 2 of the Abyss.
             The game lasted 01:37:43 (24032 turns).

RipGuy the Bludgeoner (Gargoyle Berserker)         Turns: 24032, Time: 01:37:44

Health: -1/90      AC: 29    Str: 27      XL:     14   Next: 75%
Magic:  15/15      EV:  8    Int:  6 (7)  God:    Trog [******]
Gold:   619        SH:  0    Dex:  9      Spells: 13/13 levels left

rFire    . . .     SeeInvis .   A - +6 great mace (venom)
rCold    + . .     Gourm    +   (shield currently unavailable)
rNeg     + . .     Faith    .   u - +0 plate armour
rPois    ∞         Spirit   .   b - +0 helmet
rElec    +         Reflect  .   a - +0 cloak {MR+}
rCorr    +         Harm     .   m - +0 pair of gloves
MR       ++...                  (no boots)
Stlth    ..........             G - amulet of the gourmand
HPRegen  0.25/turn              S - ring of resist corrosion
MPRegen  0.14/turn              E - ring of protection from cold

@: no status effects
A: big wings, negative energy resistance 1, electricity resistance, unbreathing,
petrification resistance, rot immunity, AC +10
a: Fly, Berserk, Trog's Hand, Brothers in Arms, Burn Spellbooks, Renounce
Religion


You were on level 2 of the Abyss.
You worshipped Trog.
Trog was exalted by your worship.
You were hungry.

You visited 2 branches of the dungeon, and saw 19 of its levels.
You visited the Abyss 1 time.
You also visited: Bailey.

You collected 1189 gold pieces.
You spent 570 gold pieces at shops.

Inventory:

Hand Weapons
 h - a +4 antimagic great mace
 A - a +6 great mace of venom (weapon)
 U - a +3 eveningstar of draining
 W - a +0 whip of electrocution
Armour
 a - a +0 cloak of magic resistance (worn)
 b - a +0 helmet (worn)
 m - a +0 pair of gloves (worn)
 u - a +0 plate armour (worn)
Jewellery
 t - an uncursed ring of fire
 E - a ring of protection from cold (right hand)
 F - an uncursed ring of protection from fire
 G - an amulet of the gourmand (around neck)
 S - a ring of resist corrosion (left hand)
 T - an uncursed ring of positive energy
Wands
 n - a wand of disintegration (15)
 q - a wand of acid (6)
 L - a wand of polymorph (15)
 M - a wand of digging (9)
 N - a wand of enslavement (10)
Scrolls
 d - a scroll of identify
 e - 4 scrolls of enchant armour
 g - 3 scrolls of teleportation
 i - 10 scrolls of remove curse
 j - 3 scrolls of amnesia
 p - 2 scrolls of fear
 s - a scroll of immolation {unknown}
 y - a scroll of noise
 B - 2 scrolls of fog
 D - 3 scrolls of holy word {unknown}
 H - a scroll of magic mapping
 Q - a scroll of brand weapon {unknown}
Potions
 f - 2 potions of degeneration {unknown}
 k - 2 potions of mutation {unknown}
 o - a potion of invisibility {unknown}
 r - 9 potions of flight
 x - 6 potions of lignification
 K - a potion of berserk rage
 O - 2 potions of agility {unknown}
 P - 3 potions of haste {unknown}
 V - a potion of ambrosia {unknown}
 Z - 2 potions of brilliance {unknown}
Books
 z - a book of Dreams

   Spells                             Type                      Level
   a - Ensorcelled Hibernation        Hexes/Ice                    2
   b - Borgnjor's Vile Clutch         Necromancy/Earth             5
   c - Silence                        Hexes/Air                    5
   d - Darkness                       Hexes                        6
   e - Shadow Creatures               Summoning                    6
   Trog disapproves of the use of such an item.
 C - a book of Necromancy

   Spells                             Type                      Level
   a - Pain                           Necromancy                   1
   b - Animate Skeleton               Necromancy                   1
   c - Vampiric Draining              Necromancy                   3
   d - Regeneration                   Charms/Necromancy            3
   e - Animate Dead                   Necromancy                   4
   f - Borgnjor's Vile Clutch         Necromancy/Earth             5
   Trog disapproves of the use of such an item.
 J - a book of Power

   Spells                             Type                      Level
   a - Iskenderun's Battlesphere      Conjuration/Charms           5
   b - Venom Bolt                     Conjuration/Poison           5
   c - Bolt of Magma                  Conjuration/Fire/Earth       5
   d - Iron Shot                      Conjuration/Earth            6
   e - Orb of Destruction             Conjuration                  7
   f - Spellforged Servitor           Conjuration/Summoning        7
   Trog disapproves of the use of such an item.
 Y - a Necronomicon

   Spells                             Type                      Level
   a - Haunt                          Necromancy/Summoning         7
   b - Borgnjor's Revivification      Necromancy                   8
   c - Death's Door                   Charms/Necromancy            8
   d - Infestation                    Necromancy                   8
   e - Necromutation                  Transmutation/Necromancy     8
   Trog disapproves of the use of such an item.
Miscellaneous
 w - a phantom mirror
 R - a fan of gales
Comestibles
 c - 21 rations


   Skills:
 + Level 11.2 Fighting
 - Level 20.0 Maces & Flails
 + Level 9.8 Armour
 - Level 1.5 Dodging
 - Level 3.5 Stealth
 - Level 1.4 Evocations


You had 13 spell levels left.
You didn't know any spells.

Dungeon Overview and Level Annotations

Branches:
Dungeon (13/15)            Temple (0/1) D:5            Lair (6/6) D:10
 Shoals (0/4) Lair:4       Spider (0/4) Lair:2        Slime (0/5) Lair:6
    Orc (0/2) D:12
 Vaults: D:13-14

Altars:
Cheibriados
Elyvilon
Gozag
Hepliaklqana
Kikubaaqudgha
Makhleb
Qazlal
Zin
Beogh

Shops:
D:4 ?   D:6 *   D:11 *   D:12 [


Innate Abilities, Weirdness & Mutations

You are resistant to torment.
Your stone body is resilient. (AC +10)
You are immune to poison.
Your large and strong wings let you fly indefinitely.
You resist negative energy. (rN+)
You are resistant to electric shocks. (rElec)
You can survive without breathing.
You are immune to petrification.
You are immune to rotting.


Message History

The smoke demon gestures at you. Something smites you!
Found a scroll of fog.
The smoke demon gestures at you. The sticky flame hits you!
You are covered in liquid flames!
You are covered in liquid flames!
You are covered in liquid flames!
The smoke demon gestures at you. Something smites you!
You are covered in liquid flames!
You are covered in liquid flames!
The smoke demon gestures at you. The ball of steam hits you!
The smoke demon gestures at you. The ball of steam hits you!
* * * LOW HITPOINT WARNING * * *
The smoke demon gestures at you. Something smites you!
You die...

#. .#. # ..? # .#.
.## .. #. ....#
.#. ≈ ... #.##.
#.#.# ..♣≈ #..
#...####....#.#.
..##.#....#..##..
#
#..#..#.#...§#3#.#
##.#.#....§###. #
#..@.....3§3.#.#.#
#.#....§#..#.#..#
.# ##..§.§§§ .#
.§# #.#..#§. .####
...#..§.#.##
##...##.#...#
........#....
.#.#...#.#.###
##.... .#


You could see a smoke demon.

Vanquished Creatures
  Snorg (Lair:5)
  2 hydras (Lair:4)
  4 two-headed ogres
  A centaur warrior (D:11)
  4 death yaks
  An unseen horror (D:12)
  2 ugly things (D:12)
  An orb spider (Lair:2)
  2 manticores
  9 elephants
  A centaur zombie (D:12)
  3 merfolk sirens (Lair:4)
  3 black mambas (Lair:4)
  2 torpor snails
  2 gargoyles
  10 spiny frogs
  2 komodo dragons
  2 rime drakes
  3 trolls
  A merfolk (Lair:4)
  3 polar bears (Lair:6)
  3 hornets (Lair:6)
  7 dream sheep (Lair:6)
  9 slime creatures
  12 blink frogs
  12 hippogriffs
  A shadow (D:13)
  14 spriggans (Lair:6)
  6 wyverns
  2 basilisks
  A wraith (D:12)
  4 hogs (D:8)
  45 yaks
  A human (D:8)
  2 hungry ghosts
  Edmund (D:5)
  11 water moccasins
  9 porcupines
  9 black bears
  3 phantoms
  A swamp drake (Lair:1)
  2 sky beasts
  8 orc warriors
  3 ice beasts
  4 boggarts (Lair:6)
  A necrophage (D:6)
  6 ogres
  5 centaurs
  20 wolves
  16 crocodiles
  15 bullfrogs
  3 big kobolds
  Blork the orc (D:5)
  A gnoll sergeant (D:11)
  5 scorpions
  15 wights
  16 electric eels
  6 crimson imps
  6 howler monkeys
  2 bullfrog zombies
  4 quasits
  5 hounds
  10 orc wizards
  13 orc priests
  2 bullfrog skeletons
  4 jellies
  8 iguanas
  4 worker ants
  A hound skeleton (D:8)
  4 worker ant zombies
  9 gnolls
  13 adders
  3 shadow imps
  2 adder skeletons
  A worm (D:2)
  2 dart slugs (D:1)
  19 leopard geckos
  56 orcs
  4 ball pythons
  8 bats
  A giant cockroach (D:1)
  8 goblins
  6 hobgoblins
  10 jackals
  19 kobolds
  6 quokkas
  5 frilled lizards
  A jackal skeleton (D:4)
  A leopard gecko skeleton (D:7)
  A leopard gecko zombie (D:5)
  4 rats
  4 plants
585 creatures vanquished.

Vanquished Creatures (others)
  A human (D:4)
  A crocodile (Lair:1)
  An iguana (Lair:1)
  An adder (D:6)
  A bat (D:1)
  2 frilled lizards (Lair:1)
  8 fungi
  27 plants
  3 starspawn tentacles (Abyss:2)
45 creatures vanquished.

Grand Total: 630 creatures vanquished

Notes
Turn   | Place    | Note
-------+----------+-------------------------------------------
     0 | D:1      | RipGuy the Gargoyle Berserker began the quest for the Orb.
     0 | D:1      | Reached XP level 1. HP: 14/14 MP: 1/1
   177 | D:1      | Reached XP level 2. HP: 19/19 MP: 2/2
   643 | D:1      | Reached skill level 4 in Maces & Flails
   734 | D:1      | Reached XP level 3. HP: 19/23 MP: 3/3
  1122 | D:2      | Reached ** piety under Trog
  1149 | D:2      | Found a faded altar of an unknown god.
  1661 | D:2      | Reached XP level 4. HP: 25/28 MP: 4/4
  2270 | D:3      | Reached skill level 5 in Maces & Flails
  2618 | D:3      | Reached XP level 5. HP: 32/32 MP: 5/5
  2730 | D:3      | Found a burning altar of Makhleb.
  2740 | D:3      | Reached skill level 6 in Maces & Flails
  2873 | D:3      | Reached *** piety under Trog
  2959 | D:3      | You fall through a shaft for 3 floors!
  2966 | D:5      | Entered Level 5 of the Dungeon
  2984 | D:4      | Noticed an ogre
  2993 | D:4      | Killed an ogre
  2993 | D:4      | Reached skill level 1 in Stealth
  2993 | D:4      | Reached XP level 6. HP: 17/37 MP: 6/6
  3152 | D:4      | Found Opureyfoe's Magic Scroll Shop.
  3197 | D:4      | Bought a scroll of blinking for 90 gold pieces
  3197 | D:4      | Bought a scroll of teleportation for 36 gold pieces
  3197 | D:4      | Bought a scroll of teleportation for 36 gold pieces
  3197 | D:4      | Bought 2 scrolls of fog for 48 gold pieces
  3293 | D:4      | Found an ancient bone altar of Kikubaaqudgha.
  3298 | D:4      | Noticed a human
  3299 | D:4      | Killed a human
  3592 | D:5      | Reached skill level 7 in Maces & Flails
  3624 | D:5      | Found a snail-covered altar of Cheibriados.
  3795 | D:5      | Reached XP level 7. HP: 31/41 MP: 7/7
  3866 | D:5      | Noticed Edmund
  3881 | D:5      | Killed Edmund
  3881 | D:5      | Reached skill level 8 in Maces & Flails
  4029 | D:5      | Noticed Blork the orc
  4041 | D:5      | Killed Blork the orc
  4058 | D:5      | Reached skill level 9 in Maces & Flails
  4359 | D:5      | Reached XP level 8. HP: 46/46 MP: 8/8
  4380 | D:5      | Found a staircase to the Ecumenical Temple.
  4660 | D:6      | Reached **** piety under Trog
  4660 | D:6      | Reached skill level 10 in Maces & Flails
  4900 | D:6      | Found a glowing silver altar of Zin.
  4901 | D:6      | Found a stormy altar of Qazlal.
  4946 | D:6      | Found Umuta's General Store.
  5217 | D:6      | Reached skill level 11 in Maces & Flails
  5253 | D:6      | Reached XP level 9. HP: 24/51 MP: 9/9
  5530 | D:6      | Found an opulent altar of Gozag.
  6425 | D:7      | Reached skill level 12 in Maces & Flails
  7235 | D:8      | Found a flagged portal.
  7269 | Bailey   | Entered a bailey
  7511 | D:8      | Reached skill level 13 in Maces & Flails
  7602 | D:8      | Reached XP level 10. HP: 53/56 MP: 10/10
  8052 | D:8      | Found a white marble altar of Elyvilon.
  8092 | D:8      | Found a hazy altar of Hepliaklqana.
  8328 | D:9      | Reached skill level 14 in Maces & Flails
  8333 | D:9      | Noticed a gargoyle
  8345 | D:9      | Killed a gargoyle
  8345 | D:9      | Reached ***** piety under Trog
  8688 | D:9      | Noticed a two-headed ogre
  8697 | D:9      | Killed a two-headed ogre
  9065 | D:10     | Entered Level 10 of the Dungeon
  9073 | D:10     | Reached skill level 1 in Evocations
  9114 | D:10     | Found a roughly hewn altar of Beogh.
  9144 | D:10     | Reached skill level 15 in Maces & Flails
  9176 | D:10     | Noticed a gargoyle
  9197 | D:10     | Noticed a two-headed ogre
  9198 | D:10     | Reached XP level 11. HP: 60/60 MP: 11/11
  9302 | D:10     | Killed a two-headed ogre
  9317 | D:10     | Reached skill level 16 in Maces & Flails
  9322 | D:10     | Received a gift from Trog
  9432 | D:10     | Found a staircase to the Lair.
 10051 | D:10     | Got a fine granite ring
 10280 | D:11     | Noticed a centaur warrior
 10293 | D:11     | Killed a centaur warrior
 11228 | D:11     | Identified the ring of Xom's Malicious Joy {Wiz *Drain rElec Str+6 Stlth+} (You found it on level 10 of the Dungeon)
 11502 | D:11     | Noticed a two-headed ogre
 11510 | D:11     | Killed a two-headed ogre
 11510 | D:11     | Reached skill level 17 in Maces & Flails
 11510 | D:11     | Reached XP level 12. HP: 67/67 MP: 13/13
 11555 | D:11     | Found Oxkaemer's General Store.
 11585 | D:11     | Noticed a two-headed ogre
 11594 | D:11     | Killed a two-headed ogre
 12595 | Lair:1   | Entered Level 1 of the Lair of Beasts
 12648 | Lair:1   | Found a dark tunnel.
 12736 | Lair:1   | Reached skill level 5 in Fighting
 13819 | Lair:2   | Reached skill level 5 in Armour
 13914 | Lair:2   | Found an opulent altar of Gozag.
 14145 | Lair:2   | Found a hole to the Spider Nest.
 14752 | Lair:3   | Reached skill level 18 in Maces & Flails
 15063 | Lair:3   | Received a gift from Trog
 15846 | Lair:3   | You fall through a shaft for 3 floors!
 15846 | Lair:6   | Entered Level 6 of the Lair of Beasts
 15857 | Lair:6   | Noticed a death yak
 15897 | Lair:6   | Killed a death yak
 15897 | Lair:6   | Reached XP level 13. HP: 75/75 MP: 14/14
 16265 | Lair:5   | Received a gift from Trog
 16284 | Lair:5   | Reached skill level 19 in Maces & Flails
 16297 | Lair:5   | Reached ****** piety under Trog
 16673 | Lair:5   | Noticed Snorg
 16691 | Lair:5   | Killed Snorg
 16835 | Lair:4   | HP: 3/114 [yak (6)]
 16854 | Lair:4   | HP: 3/76 [yak (2)]
 17570 | Lair:4   | Found a staircase to the Shoals.
 18883 | Lair:6   | Paralysed by fainting for 6 turns
 18924 | Lair:6   | Gained mutation: Your large and strong wings let you fly indefinitely. [Gargoyle growth]
 18924 | Lair:6   | Reached XP level 14. HP: 47/84 MP: 15/15
 19165 | Lair:6   | Received a gift from Trog
 19172 | Lair:6   | Identified a scroll of acquirement
 19190 | Lair:6   | Found a staircase to the Slime Pits.
 19254 | Lair:6   | Reached skill level 20 in Maces & Flails
 20388 | Lair:6   | Reached skill level 10 in Fighting
 20931 | D:11     | Bought an uncursed ring of resist corrosion for 360 gold pieces
 21020 | D:12     | Found a roughly hewn altar of Beogh.
 21389 | D:12     | Received a gift from Trog
 21931 | D:12     | Found a staircase to the Orcish Mines.
 21954 | D:12     | Found a roughly hewn altar of Beogh.
 22297 | D:12     | Found Omoixam's Armour Shop.
 22471 | D:12     | Received a gift from Trog
 23782 | D:13     | Cast into level 2 of the Abyss (a wizard)
 23809 | Abyss:2  | Noticed a starcursed mass
 23881 | Abyss:2  | Noticed a tentacled starspawn
 23908 | Abyss:2  | Noticed a tentacled starspawn
 24032 | Abyss:2  | Killed from afar by a smoke demon

Skill      XL: |  1  2  3  4  5  6  7  8  9 10 11 12 13 14 |
---------------+-------------------------------------------+-----
Maces & Flails | 4 5 6 7 9 11 13 15 17 18 19 20 | 20.0
Stealth        | 1 2 3 |  3.5
Evocations     | 1 |  1.4
Fighting       | 4 6 8 11 | 11.2
Armour         | 3 5 7 9 |  9.8
Dodging        | |  1.5

Action                   |  1- 3 |  4- 6 |  7- 9 | 10-12 | 13-15 || total
-------------------------+-------+-------+-------+-------+-------++-------
Melee: Mace              |   112 |   163 |       |     2 |       ||   277
       Flail             |       |    29 |   348 |   254 |       ||   631
       Great mace        |       |       |       |   404 |   722 ||  1126
Invok: Berserk           |       |     5 |     6 |    16 |    12 ||    39
       Trog's Hand       |       |       |     2 |       |       ||     2
       Burn Spellbooks   |       |       |     1 |     1 |       ||     2
Evoke: Wand              |       |       |     3 |    27 |     5 ||    35
  Use: Scroll            |       |     6 |     5 |    15 |    13 ||    39
       Potion            |       |       |     3 |     8 |     6 ||    17
 Stab: Sleeping          |       |       |     1 |       |       ||     1
       Confused          |       |       |       |     1 |       ||     1
       Distracted        |       |       |       |       |     1 ||     1
  Eat: Chunk             |     2 |     8 |     1 |    24 |    21 ||    56
       Ration            |       |     1 |     5 |     7 |     5 ||    18
Armor: Animal skin       |    15 |    14 |       |       |       ||    29
       Leather armour    |       |    15 |       |       |       ||    15
       Ring mail         |       |    42 |    91 |       |       ||   133
       Chain mail        |       |       |       |   298 |       ||   298
       Plate armour      |       |       |       |    35 |   574 ||   609
Dodge: Dodged            |   154 |   200 |   233 |   574 |   449 ||  1610
